Map: Romanticide EC

Players

WipeR - Winner!

  • Race: Terran Terran
  • League: Platinum
  • Spawn Location: 11:00

VOD

Have the link to the VOD?

Description

Time

  • Played on: Dec. 25, 2020, 9:03 a.m.
  • Length: 12:26
Show
View Real Time Build Order
Export as new Build Order

WipeR Terran - Winner!

Build Orders:  

Get SALT Encoding   

  12  0:00  SCV  
  13  0:17  SCV  
  14  0:24  Supply Depot  
  14  0:34  SCV  
  15  0:41  Refinery  
  15  0:54  SCV  
  16  1:04  Barracks  
  16  1:11  SCV  
  17  1:28  SCV  
  18  1:45  SCV  
  19  2:12  Orbital Command  
  19  2:16  Reaper  
  20  2:35  Command Center  
  20  2:46  Factory  
  20  2:51  SCV  
  21  3:03  Barracks Reactor  
  21  3:09  SCV  
  22  3:16  Supply Depot  
  22  3:20  Refinery  
  22  3:26  SCV  
  23  3:46  SCV  
  23  3:47  Factory Tech Lab  
  24  4:04  Marine  
  24  4:05  Marine  
  24  4:06  SCV  
  27  4:16  Cyclone  
  27  4:19  Orbital Command  
  30  4:27  SCV  
  30  4:29  Marine  
  32  4:30  Marine  
  33  4:46  Starport  
  33  4:50  SCV  
  33  4:55  Marine x2  
  36  5:08  SCV  
  37  5:14  Siege Tank  
  40  5:28  SCV x2  
  42  5:33  Marine x2  
  42  5:39  Starport Tech Lab  
  44  5:45  SCV x2  
  46  5:50  Supply Depot  
  46  5:52  Refinery  
  46  6:06  Supply Depot  
  46  6:20  SCV x2  
  46  6:22  Raven  
  46  6:24  Barracks  
  46  6:29  Supply Depot  
  50  6:37  SCV  
  50  6:43  Command Center  
  50  6:48  SCV  
  51  6:51  Marine x2  
  53  7:02  Siege Tank  
  53  7:07  SCV x2  
  58  7:27  Raven  
  60  7:41  SCV x2  
  62  7:51  Barracks  
  62  7:57  Barracks  
  62  7:58  SCV x2  
  64  8:00  Siege Tank  
  67  8:10  Supply Depot  
  67  8:15  SCV x2  
  69  8:20  Marine  
  69  8:23  Marine  
  71  8:34  SCV x2  
  71  8:38  Starport Tech Lab  
  73  8:43  Orbital Command  
  73  8:51  Supply Depot  
  73  8:53  SCV x2  
  73  8:55  Marine x2  
  77  9:20  Siege Tank  
  77  9:22  Siege Tank  
  77  9:32  Refinery, Supply Depot  
  77  9:34  Siege Tank x2  
  77  9:36  SCV x2  
  77  9:37  Marine, Supply Depot  
  77  9:38  Marine  
  77  9:39  Siege Tank  
  81  9:40  Siege Tank  
  84  10:18  Orbital Command  
  84  10:27  SCV  
  84  10:28  SCV  
  86  10:37  Barracks Reactor  
  86  10:41  Siege Tank  
  86  10:43  Viking  
  86  10:45  Siege Tank  
  88  10:50  Marine x2, Marauder  
  88  10:53  Siege Tank  
  95  11:02  Siege Tank  
Tags
 
Add a new tag
Caveats
  • Supply blocks, unpowered buildings, or Contaminate may cause inaccurate times.
  • Supply counts are checked every 10 seconds.